 Dungeon Crawl Stone Soup version 0.28-a0-46-g7b1be97da7 (webtiles) character file.

Game seed: 12015244228711586086

28 Spaninq the Vexing (level 3, -4/27 HPs)
             Began as a Formicid Arcane Marksman on July 29, 2021.
             Slain by a gnoll (7 damage)
             ... on level 1 of the Dungeon.
             The game lasted 00:05:08 (1517 turns).

Spaninq the Vexing (Formicid Arcane Marksman)       Turns: 1517, Time: 00:05:09

Health: -4/27      AC:  8    Str: 15    XL:     3   Next: 30%
Magic:  4/4        EV:  6    Int: 18    God:
Gold:   51         SH:  0    Dex: 11    Spells: 3/4 levels left

rFire   . . .      SeeInvis +   k - +0 whip
rCold   . . .      Faith    .   (no shield)
rNeg    . . .      Spirit   .   g - +0 chain mail
rPois   .          Reflect  .   (helmet unavailable)
rElec   .          Harm     .   (no cloak)
rCorr   .          Rampage  .   (no gloves)
Will    .....                   (no boots)
Stlth   ..........              (no amulet)
HPRegen 0.09/turn               m - +6 ring of intelligence
MPRegen 0.09/turn               (no ring)

@: no status effects
A: permanent stasis, dig shafts and tunnels, antennae 3, four strong arms
a: Dig, Shaft Self


You were on level 1 of the Dungeon.
You visited 1 branch of the dungeon, and saw 2 of its levels.

You collected 51 gold pieces.

Inventory:

Hand Weapons
 a - a +0 hand crossbow
 k - a +0 whip (weapon)
Missiles
 c - 9 bolts
Armour
 b - a +0 ring mail
 g - a +0 chain mail (worn)
Jewellery
 m - a +6 ring of intelligence (left hand)
Scrolls
 d - a scroll of identify {unknown}
 e - a scroll of immolation {unknown}
 f - a scroll of enchant armour {unknown}
 h - a scroll of teleportation {unknown}
 i - a scroll of vulnerability {unknown}
Potions
 j - a potion of degeneration {unknown}
 l - a potion of heal wounds {unknown}
 n - a potion of mutation {unknown}


   Skills:
 + Level 2.0 Fighting
 * Level 3.1 Crossbows
 - Level 1.7 Dodging
 - Level 1.1 Spellcasting
 - Level 3.6 Hexes


You had 3 spell levels left.
You knew the following spells:

 Your Spells              Type           Power      Damage    Failure   Level
a - Corona                Hex            15%        N/A       75%         1

Your spell library contained the following spells:

 Spells                   Type           Power      Damage    Failure   Level
 Slow                     Hex            14%        N/A       87%         2
 Inner Flame              Hex/Fire       7%         N/A       100%        3
 Portal Projectile        Hex/Tloc       14%        N/A       100%        3
 Cause Fear               Hex            7%         N/A       100%        4


Dungeon Overview and Level Annotations

Branches:
Dungeon (2/15)

Altars:


Innate Abilities, Weirdness & Mutations

You cannot be hasted, slowed, berserked, paralysed or teleported.
You can dig through walls and to a lower floor.
You have a pair of large antennae on your head. (SInv)
Your four strong arms can wield two-handed weapons with a shield.


Message History

There is a stone staircase leading down here.
You start resting.
HP restored.
You climb downwards.
A gnoll comes into view.
It is wielding a +0 flail of protection.
The gnoll shouts!
Found 18 gold pieces.
There is a stone staircase leading up here.
A gnoll comes into view. It is wielding a +0 club.
n - a glowing black potion A gnoll comes into view.
It is wielding a +0 club.
The gnoll shouts! x2
There is a stone staircase leading up here.
You barely miss the gnoll.
The gnoll hits you with a +0 flail of protection!
The gnoll barely misses you.
You climb upwards.
There is a stone staircase leading down here.
You hit the gnoll.
The gnoll is lightly wounded.
The gnoll hits you with a +0 flail of protection.
You hit the gnoll.
The gnoll is moderately wounded.
The gnoll hits you but does no damage.
You hit the gnoll.
The gnoll is moderately wounded.
The gnoll hits you but does no damage.
You closely miss the gnoll.
The gnoll is moderately wounded.
The gnoll barely misses you.
The gnoll hits you with a +0 flail of protection!
* * * LOW HITPOINT WARNING * * *
You hit the gnoll.
The gnoll is moderately wounded.
The gnoll hits you with a +0 flail of protection.
* * * LOW HITPOINT WARNING * * *
You hit the gnoll but do no damage.
The gnoll is moderately wounded.
The gnoll hits you with a +0 flail of protection!
You die...

#.#.######..#####..##
###...######..#:)(#..#
..............#(":#..#
.#.#.#........#$$$#..#
..............#####..#
.#.#.#....#..........#
........###..........#
.#.#.#............####
...............g@##
................##
....##..#.#####.#
....##..#.#####.#
.......##.......#
..........#####.#
..........### #.#
.#####.#..#.# #.#
.#....##..#.# #.#


You could see a gnoll.

Vanquished Creatures
  2 ball pythons
  2 bats (D:1)
  3 endoplasms
  2 giant cockroaches (D:1)
  2 goblins
  4 hobgoblins
  A quokka (D:2)
  4 frilled lizards
  3 kobolds
  3 rats
26 creatures vanquished.

Vanquished Creatures (others)
  16 plants (D:2)
16 creatures vanquished.

Grand Total: 42 creatures vanquished

Notes
Turn   | Place    | Note
-------+----------+-------------------------------------------
     0 | D:1      | Spaninq the Formicid Arcane Marksman began the quest for
                  | the Orb.
     0 | D:1      | Reached XP level 1. HP: 15/15 MP: 2/2
   187 | D:1      | Reached XP level 2. HP: 21/21 MP: 3/3
   766 | D:2      | Reached XP level 3. HP: 27/27 MP: 4/4
  1517 | D:1      | Slain by a gnoll

Illustrated notes

Levels and vault maps discovered:
D:1:      scummos_arrival_hexagon, layout_basic, serial_glass, glass_columns_c,
          glass_columns_b, due_unseen_surprise, minmay_strange_pillars,
          minmay_strange_pillars, item_on_display_a
D:2:      layout_basic, basic_altar, serial_bayou_lagoon_a, st_stairs_12,
          minmay_diced_spiral

Skill      XL: |  1  2  3 |
---------------+----------+-----
Crossbows      | 3 |  3.1
Fighting       | 2 |  2.0
Dodging        | |  1.7
Spellcasting   | |  1.1
Hexes          | |  3.6

Action                   || total
-------------------------++-------
Melee: Whip              ||    62
 Fire: Hand crossbow     ||    53
Armor: Chain mail        ||    56
Dodge: Dodged            ||    29

Table legend: (Time is in decaauts)
 A = Elapsed time spent in this place.
 B = Non-inter-level travel time spent in this place.
 C = Inter-level travel time spent in this place.
 D = Time resting spent in this place.
 E = Time spent auto-exploring this place.
 F = Levels seen in this place.
 G = Mean time per level.
                   A        B        C        D        E       F      G
               +--------+--------+--------+--------+--------+-----+--------+
         Total |   1545 |   1441 |    104 |    337 |    575 |   2 |  772.5 |
       Dungeon |   1545 |   1441 |    104 |    337 |    575 |   2 |  772.5 |
               +--------+--------+--------+--------+--------+-----+--------+

Top non-repeatable levels by time:
     D:1: 1145 daAuts
     D:2: 400 daAuts
